Workbook

Sheet TOTAL
A1: SUGGESTED VENDOR:
A2: ADDRESS
A3: VENDOR POC AND PHONE:
B5: TYPE OF ROOM | D5: QUANTITY | E5: PRICE | F5: TOTAL
B6: SINGLE ROOMS | D6: ='SINGLE ROOMS'!H12 -> 6 | E6: ='SINGLE ROOMS'!I3 -> 0 | F6: ='SINGLE ROOMS'!J12 -> 0 | G6: autofill
B7: DOUBLE ROOMS | D7: ='DOUBLE ROOMS'!K41 -> 114 | E7: ='DOUBLE ROOMS'!L3 -> 0 | F7: ='DOUBLE ROOMS'!M41 -> 0 | G7: autofill
D8: TOTAL COST | F8: =SUM(F6:F7) -> 0
B14: UNIT POC | C14: SFC Andre Taylor
B15: UNIT | C15: 1172ND TC
B16: EMAIL | C16: andre.d.taylor43.mil@army.mil
B17: PHONE | C17: 901-430-1299
B19: Any questions, please contact Rhonda Lien @ rhonda.m.lien.civ@army.mil
B20: 615-313-0530

Sheet SINGLE ROOMS
A1: # | B1: ROOM TYPE | C1: NAME | D1: GENDER | E1: RANK | F1: CHECK IN | G1: CHECK OUT | H1: Total Days | I1: Price per day | J1: Total
Q2: Column1
A3: 1 | B3: SINGLE | C3: KILPATRICK COREY | D3: Male | E3: CPT | F3: 46331 | G3: 46334 | H3: =G3-F3 -> 3 | I3: 0 | J3: =H3*I3 -> 0 | Q3: SINGLE
A4: =A3+1 -> 2 | B4: SINGLE | C4: GOCHCOFF STEVEN | D4: Male | E4: 1SG | F4: 46331 | G4: 46334 | H4: =G4-F4 -> 3 | I4: =I3 -> 0 | J4: =H4*I4 -> 0 | Q4: DOUBLE
Q5: FEMALE
Q8: PVT
Q9: PV2
Q10: PFC
Q11: SPC
G12: TOTAL ROOM DAYS | H12: =SUM(H3:H11) -> 6 | I12: Total Cost | J12: =SUM(J3:J11) -> 0

Sheet DOUBLE ROOMS
A1: # | B1: ROOM TYPE | C1: NAME | D1: GENDER | E1: RANK | F1: NAME | G1: GENDER | H1: RANK | I1: CHECK IN | J1: CHECK OUT | K1: Total Days | L1: Price per day | M1: Total
T2: Column1
A3: 1 | B3: DOUBLE | C3: EH DAH DAH | D3: MALE | E3: SGT | F3: RESENDIZ JUAN | G3: MALE | H3: SGT | I3: 46331 | J3: 46334 | K3: =J3-I3 -> 3 | L3: 0 | M3: =SUM(K3*L3) -> 0 | T3: SINGLE
A4: 2 | B4: DOUBLE | C4: LAWRENCE TAVON | D4: MALE | E4: PFC | F4: GARRETT AVONTE | G4: MALE | H4: SPC | I4: 46331 | J4: 46334 | K4: 3 | L4: =L3 -> 0 | M4: =SUM(K4*L4) -> 0
A5: 3 | B5: DOUBLE | C5: BUSH JASON | D5: MALE | E5: SGT | F5: FOSTER ISAIAH | G5: MALE | H5: SGT | I5: 46331 | J5: 46334 | K5: =J5-I5 -> 3 | L5: =L4 -> 0 | M5: =SUM(K5*L5) -> 0
A6: 4 | B6: DOUBLE | C6: HURTADO LOPEZ | D6: MALE | E6: PFC | F6: CARRASCO JOSE | G6: MALE | H6: PFC | I6: 46331 | J6: 46334 | K6: =J6-I6 -> 3 | L6: =L5 -> 0 | M6: =SUM(K6*L6) -> 0 | T6: FEMALE
A7: 5 | B7: DOUBLE | C7: JONES KEYSHAWN | D7: MALE | E7: SPC | F7: WILLIAMS DEANGELO | G7: MALE | H7: SPC | I7: 46331 | J7: 46334 | K7: =J7-I7 -> 3 | L7: =L6 -> 0 | M7: =K7*L7 -> 0
A8: 6 | B8: DOUBLE | C8: VILLARREAL DANIEL | D8: MALE | E8: SPC | F8: MOLINA-HERNANDEZ KENDRICK | G8: MALE | H8: SPC | I8: 46331 | J8: 46334 | K8: =J8-I8 -> 3 | L8: =L7 -> 0 | M8: =K8*L8 -> 0
A9: 7 | B9: DOUBLE | C9: HOOTEN TAYLOR | D9: MALE | E9: PFC | F9: COURNOYER LUKE | G9: MALE | H9: PFC | I9: 46331 | J9: 46334 | K9: =J9-I9 -> 3 | L9: =L8 -> 0 | M9: =K9*L9 -> 0
A10: 8 | B10: DOUBLE | C10: HARRIS ANTHONY | D10: MALE | E10: PFC | F10: JENKINS KEVON | G10: MALE | H10: SPC | I10: 46331 | J10: 46334 | K10: =J10-I10 -> 3 | L10: =L9 -> 0 | M10: =K10*L10 -> 0
A11: 9 | B11: DOUBLE | C11: SMITH THOMAS | D11: MALE | E11: PFC | F11: WINFREY OMARION | G11: MALE | H11: SPC | I11: 46331 | J11: 46334 | K11: =J11-I11 -> 3 | L11: =L10 -> 0 | M11: =K11*L11 -> 0
A12: 10 | B12: DOUBLE | C12: SULTZER SCOTT | D12: MALE | E12: SGT | F12: SWAFFORD TRISTAN | G12: MALE | H12: SGT | I12: 46331 | J12: 46334 | K12: =J12-I12 -> 3 | L12: =L11 -> 0 | M12: =K12*L12 -> 0
A13: 11 | B13: DOUBLE | C13: CARTER TIMBER | D13: MALE | E13: SPC | F13: CATES JAYDEN | G13: MALE | H13: SPC | I13: 46331 | J13: 46334 | K13: =J13-I13 -> 3 | L13: =L12 -> 0 | M13: =K13*L13 -> 0
A14: 12 | B14: DOUBLE | C14: CRABTREE STEVEN | D14: MALE | E14: SGT | F14: DIVALERIO DANIEL | G14: MALE | H14: SSG | I14: 46331 | J14: 46334 | K14: =J14-I14 -> 3 | L14: =L13 -> 0 | M14: =K14*L14 -> 0
A15: 13 | B15: DOUBLE | C15: CHEANGNANGAM CHALOTORN | D15: MALE | E15: SSG | F15: LANDRUM TAYLER | G15: MALE | H15: SGT | I15: 46331 | J15: 46334 | K15: =J15-I15 -> 3 | L15: =L14 -> 0 | M15: =K15*L15 -> 0
A16: 14 | B16: DOUBLE | C16: HARDIN SEDRIC | D16: MALE | E16: SGT | F16: UNDERWOOD ANTHONY | G16: MALE | H16: SGT | I16: 46331 | J16: 46334 | K16: =J16-I16 -> 3 | L16: =L15 -> 0 | M16: =K16*L16 -> 0
A17: 15 | B17: DOUBLE | C17: FOREMAN KENDEL | D17: MALE | E17: SGT | F17: EVERETT SOLOMON | G17: MALE | H17: SPC | I17: 46331 | J17: 46334 | K17: =J17-I17 -> 3 | L17: =L16 -> 0 | M17: =K17*L17 -> 0
A18: 16 | B18: DOUBLE | C18: TAYLOR JOSHUA | D18: MALE | E18: SPC | F18: EVERETT SOLOMON | G18: MALE | H18: SGT | I18: 46331 | J18: 46334 | K18: =J18-I18 -> 3 | L18: =L17 -> 0 | M18: =K18*L18 -> 0
... A40: 38 | B40: DOUBLE | C40: JOHNSON RAINE | D40: FEMALE | E40: PFC | F40: CINKOC AWOG | G40: FEMALE | H40: SPC | I40: 46331 | J40: 46334 | K40: =J40-I40 -> 3 | L40: =L39 -> 0 | M40: =K40*L40 -> 0
J41: TOTAL ROOM DAYS | K41: =SUM(K3:K40) -> 114 | L41: Total Cost | M41: =SUM(M3:M8) -> 0

Sheet DA 3953
A1: PURCHASE REQUEST AND COMMITMENT | H1: 1. PURCHASE INSTRUMENT NO. | M1: 2. REQUISITION NO. | P1: 3. DATE | T1: PAGE | X1: OF
A2: For use of this form, see AR 37-1; the proponent agency is OASA(FM) | T2: PAGES
A3: 4. TO: | H3: 5. THRU: | O3: 6. FROM:
A6: It is requested that the supplies and services enumerated below or on attached list be
A7: 7. PURCHASED FOR | J7: 8. DELIVERED TO | U7: 9. NOT LATER THAN
U8: (Date)
A9: The supplies and services listed below cannot be secured through normal supply channels or other Army supply sources in the immediate vicinity, and their procurement will not violate existing regulations pertaining to local purchases for stock, | N9: 10. NAME OF PERSON TO CALL FOR ADDITIONAL | U9: 11. TELEPHONE NUMBER
N10: INFORMATION
C12: 12. LOCAL PURCHASES AUTHORIZED AS THE NORMAL | G12: 13. REQUISITIONING DISCLOSES NONAVAILABILITY | N12: FUND CERTIFICATION
C13: MEANS OF SUPPLY FOR THE FOREGOING BY | G13: OF ITEMS AND LOCAL PURCHASE IS AUTHORIZED BY | N13: The supplies and services listed on this request are properly chargeable to the following allotments, the available balances of which are sufficient to cover the cost thereof, and funds have been committed.
A15: EMERGENCY SITUATION PRECLUDES USE OF REQUISITION CHANNELS FOR SECURING ITEM
N16: 19. ACCOUNTING CLASSIFICATION AND AMOUNT
A17: 14. | B17: 15. | E17: 16. | H17: 17. | I17: 18. ESTIMATED
A18: ITEM | B18: DESCRIPTION OF SUPPLY OR SERVICES | E18: QUANTITY | H18: UNIT
I19: UNIT PRICE | K19: TOTAL COST
I20: a | K20: b
A21: 1 | B21: =TOTAL!B6 -> SINGLE ROOMS | E21: 6 | H21: EA | I21: =TOTAL!E6 -> 0 | K21: =E21*I21 -> 0
A22: 2 | B22: =TOTAL!B7 -> DOUBLE ROOMS | E22: 60 | H22: EA | I22: =TOTAL!E7 -> 0 | K22: =E22*I22 -> 0
N25: 20. TYPED NAME AND TITLE OF | R25: 21. SIGNATURE | X25: 22. DATE
N26: CERTIFYING OFFICER
N31: 23. DISCOUNT TERMS
N33: 24. PURCHASE
E34: Total Cost | K34: =SUM(K21:M22) -> 0 | N34: ORDER NUMBER
N35: 26. DELIVERY REQUIREMENTS
A36: 25. THE FOREGOING ITEMS ARE REQUIRED NOT LATER THAN AS INDICATED ABOVE FOR THE FOLLOWING PURPOSE
N37: ARE MORE THAN 7 DAYS REQUIRED TO INSPECT AND ACCEPT THE REQUESTED
N38: GOODS OR SERVICES | R38: YES | T38: NO
N39: IF YES, NUMBER OF DAYS REQUIRED
A40: 27. TYPED NAME AND GRADE OF INITIATING | D40: 28. SIGNATURE | L40: 29. DATE | N40: 34. TYPED NAME AND GRADE | Q40: 35. SIGNATURE | X40: 36. DATE
A41: OFFICER | N41: OF APPROVING OFFICER OR DESIGNEE
A43: 30. TELEPHONE NUMBER
A45: 31. TYPED NAME AND GRADE OF SUPPLY | D45: 32. SIGNATURE | L45: 33. DATE
A46: OFFICER
A49: DA FORM 3953, MAR 91 | D49: EDITION OF AUG 76 IS OBSOLETE | X49: USAPPC V2.00
